[Event "Reykjavik Open 2022"]
[Site "Reykjavik"]
[Date "2022.04.07"]
[Round "3.39"]
[White "Burlacu, Bogdan"]
[Black "Moerman, Thomas"]
[Result "1-0"]
[ECO "C07"]
[WhiteElo "2294"]
[BlackElo "2010"]
[Annotator "TA"]
[PlyCount "69"]
[EventDate "2022.04.06"]
[EventCountry "ISL"]
[SourceTitle "playchess.com"]
[Source "ChessBase"]
[SourceQuality "1"]
[TimeControl "40/5400+30:1800+30"]

1. e4 e6 2. d4 d5 3. Nd2 c5 4. exd5 Qxd5 5. dxc5 Bxc5 6. Ngf3 Nf6 7. Bc4 Qc6 8. Qe2 O-O 9. O-O Nbd7 10. Nb3 b6 11. Nxc5 Qxc5 12. Bf4 Bb7 13. Rfd1 Qf5 14. Bg3 Rac8 15. c3 e5 (15... Bxf3 $11 {remains equal.} 16. gxf3 Rc5) 16. Nh4 (16. Nxe5 Nxe5 17. Bxe5 Rxc4 $1 18. Qxc4 Qxe5 $17) 16... Qg5 17. Bb5 Rcd8 18. a4 e4 19. Qe3 Qg4 $2 (19... Qxe3 $14 20. fxe3 a6) 20. h3 (20. Be2 $142 Qe6 21. Rd6) 20... Qe6 $2 (20... Qh5 21. Rd6 Nd5 22. Qxe4 Nc5) 21. Rd6 $18 Qb3 22. Rad1 (22. Nf5 $142) 22... Bd5 $18 23. Rd2 a6 $2 (23... Be6 24. Be5 Rde8) 24. Be2 $2 (24. Bxd7 Rxd7 25. Nf5) 24... Be6 $18 25. Qd4 (25. Bxa6 $6 Qxa4 26. Bb7 Qa7 $16) 25... Ra8 $2 {[%emt 0:00:55] [#]} (25... Ne8 {keeps fighting.}) 26. Bd1 $2 (26. Nf5 $1 $18 {[%cal Rf5g7][%mdl 512] and the rest is easy.}) 26... Qa2 27. Bg4 Nxg4 28. hxg4 Nc5 29. b4 ({Inferior is} 29. Rxb6 Nb3 30. Rxb3 Qxb3 $15) 29... Nb3 30. Rxa2 Nxd4 31. Rb2 Nb3 {[%emt 0:01:20] [#]} 32. Nf5 $1 ({Don't do} 32. Rxb6 $6 Rfd8 $16) 32... Nc1 33. Rxb6 Nd3 (33... Rfd8 {is a better defense.} 34. Bd6 Bc4) 34. Re2 $18 Bd5 $2 (34... h5 35. Ne7+ Kh7 36. gxh5 (36. Rxe4 hxg4 37. a5 Rfe8 $18) 36... Rfe8) 35. Ne7+ 1-0

[Event "Reykjavik Open 2022"]
[Site "Reykjavik"]
[Date "2022.04.07"]
[Round "3.40"]
[White "Mahitosh Dey"]
[Black "Balzer, Lars"]
[Result "1/2-1/2"]
[ECO "A48"]
[WhiteElo "2176"]
[BlackElo "2018"]
[Annotator "TA"]
[PlyCount "43"]
[EventDate "2022.04.06"]
[EventCountry "ISL"]
[SourceTitle "playchess.com"]
[Source "ChessBase"]
[SourceQuality "1"]
[TimeControl "40/5400+30:1800+30"]

1. d4 Nf6 2. Nf3 g6 3. Bf4 Bg7 4. c3 d6 5. Nbd2 O-O 6. h3 b6 {[%emt 0:02:08] A48: 1 d4 Nf6 2 Nf3 g6: Torre, London and Colle Systems.} 7. Qc2 Bb7 8. e4 Nbd7 {[%emt 0:03:25][%cal Oe7e5] The position is equal.} 9. Be2 Qe8 {[%emt 0:03:52] [#]} (9... e5 $5 10. Bg5 (10. dxe5 dxe5 11. Be3 Qe7 $11) 10... h6 $11) 10. O-O $146 ({Predecessor:} 10. Bh2 e5 11. dxe5 dxe5 12. b4 Qe7 13. O-O Bh6 14. Rfe1 Nh5 15. Bc4 Rae8 16. Rad1 {½-½ (31) Zlydneva,D (1799)-Shandrygin,N (2124) Sochi 2014}) 10... e5 11. dxe5 dxe5 12. Be3 Qe7 13. b4 Kh8 14. Rab1 Nh5 (14... Ne8 $5 ) 15. Bd3 Nf4 16. Bxf4 exf4 17. c4 (17. Rfe1 $15) 17... c5 $17 18. a3 Rfd8 19. Rfe1 Ne5 20. Nxe5 Qxe5 21. Rb3 {[%emt 0:01:16] Prevents Qc3.} Rd7 22. Nf3 {[%emt 0:00:12] Weighted Error Value: White=0.14 (very precise) /Black=0.08 (flawless)} 1/2-1/2

[Event "Reykjavik Open 2022"]
[Site "Reykjavik"]
[Date "2022.04.07"]
[Round "3.41"]
[White "Rice, Chris B"]
[Black "Johansson, Carl Fredrik"]
[Result "1-0"]
[ECO "A01"]
[WhiteElo "1989"]
[BlackElo "2216"]
[Annotator "RC"]
[PlyCount "89"]
[EventDate "2022.04.06"]
[EventCountry "ISL"]
[SourceTitle "playchess.com"]
[Source "ChessBase"]
[SourceQuality "1"]
[TimeControl "40/5400+30:1800+30"]

1. b3 Nf6 2. Bb2 g6 3. Bxf6 exf6 4. c4 Bg7 5. Nc3 f5 6. g3 d6 7. Bg2 Nd7 8. e3 c6 9. Nge2 Nf6 10. d3 Qe7 11. O-O h5 12. h4 Ng4 13. Qd2 g5 14. hxg5 Qxg5 15. Nf4 h4 16. f3 Nf6 17. gxh4 Rxh4 18. Kf2 Nh5 19. Nxh5 Qxh5 20. f4 Rh2 21. Rac1 Bd7 22. Rh1 Qh4+ 23. Kg1 Rxh1+ 24. Bxh1 O-O-O 25. Nd1 Bf6 26. Bg2 Rh8 27. Rc2 Qh2+ 28. Kf1 Rg8 29. Qe2 Kb8 30. Qf3 Rg3 31. Qf2 Qh5 32. Rd2 Bh4 33. Qe2 Qg6 34. Rc2 c5 35. d4 cxd4 36. exd4 Qh6 37. Qd2 Rg4 38. Qb4 Qxf4+ 39. Rf2 Bc6 40. Bxc6 Rg1+ 41. Kxg1 Qg4+ 42. Bg2 Qxd1+ 43. Kh2 Kc7 44. Qxb7+ Kd8 45. Bc6 1-0

[Event "Reykjavik Open 2022"]
[Site "Reykjavik"]
[Date "2022.04.07"]
[Round "3.42"]
[White "Villiers, Thomas"]
[Black "Manukonda Arun"]
[Result "1/2-1/2"]
[ECO "A06"]
[WhiteElo "2202"]
[BlackElo "1939"]
[Annotator "TA"]
[PlyCount "171"]
[EventDate "2022.04.06"]
[EventCountry "ISL"]
[SourceTitle "playchess.com"]
[Source "ChessBase"]
[SourceQuality "1"]
[TimeControl "40/5400+30:1800+30"]

1. Nf3 d5 2. e3 Nf6 3. c4 c6 4. b3 Bf5 5. Bb2 e6 6. Be2 h6 7. O-O Nbd7 8. d4 Bd6 9. Nbd2 O-O 10. Ne5 Ne4 11. Nxe4 Bxe4 12. f3 Bh7 13. Nxd7 Qxd7 14. Bd3 Bxd3 15. Qxd3 Qc7 16. h3 dxc4 17. Qxc4 Qa5 18. Qd3 Ba3 19. Bc3 Bb4 20. Bxb4 Qxb4 21. Rac1 Rfd8 22. Rfd1 Qa3 23. Rc4 a5 24. Ra4 Qe7 25. Qc3 Qg5 26. Rc4 Qb5 27. Rc1 Rd5 28. Qe1 Rad8 29. Rc5 Qd3 30. R1c3 Qg6 31. Rc1 Qd3 32. Qc3 Qe2 33. Rc4 Rg5 34. Qc2 Qxe3+ 35. Qf2 Qxf2+ 36. Kxf2 Rgd5 37. Ke3 e5 38. dxe5 Rxe5+ 39. Re4 Rxe4+ 40. fxe4 Kf8 41. Rc5 Ra8 42. Kd4 Ke7 43. Rf5 b6 44. Rf2 Ke6 45. Rc2 Rc8 46. Rc1 Rd8+ 47. Ke3 c5 48. a3 Rd4 49. Rf1 f6 50. Rf2 g6 51. Rc2 Ke5 52. Rc4 Rxc4 53. bxc4 a4 54. g3 h5 55. h4 Ke6 56. Kf2 Kd6 57. Ke2 Kc6 58. Kd3 b5 59. Kc3 Kb6 60. cxb5 Kxb5 61. Kd3 Kb6 62. Kc3 Kc7 63. Kd3 Kd6 64. Kc4 Kc6 65. Kd3 Kb5 66. Kc3 g5 $2 (66... c4 $19 {( -> ...Kc5)} 67. Kc2 Kc6) 67. e5 $1 $11 gxh4 (67... fxe5 $2 68. hxg5 Kc6 69. g6 $18) 68. exf6 hxg3 (68... h3 $5 69. f7 h2 $11) 69. f7 g2 70. f8=Q g1=Q 71. Qe8+ Kb6 72. Qd8+ Kc6 73. Qe8+ Kd6 74. Qd8+ Ke6 75. Qe8+ Kf6 76. Qf8+ Ke5 77. Qe7+ Kf4 78. Qf6+ $1 Ke4 79. Qe6+ Kf3 80. Qf5+ Kg2 81. Qg6+ Kf1 82. Qd3+ Kg2 83. Qg6+ Kf2 84. Qf5+ Ke1 85. Qb1+ Kf2 86. Qf5+ 1/2-1/2

[Event "Reykjavik Open 2022"]
[Site "Reykjavik"]
[Date "2022.04.07"]
[Round "3.43"]
[White "Cherniack, Alex"]
[Black "Carlsson, Gustav"]
[Result "1-0"]
[ECO "C02"]
[WhiteElo "2213"]
[BlackElo "1996"]
[Annotator "TA"]
[PlyCount "89"]
[EventDate "2022.04.06"]
[EventCountry "ISL"]
[SourceTitle "playchess.com"]
[Source "ChessBase"]
[SourceQuality "1"]
[TimeControl "40/5400+30:1800+30"]

1. e4 e6 2. d4 d5 3. e5 c5 4. c3 Nc6 5. Nf3 Qb6 6. a3 c4 7. Nbd2 Na5 8. Be2 Bd7 9. O-O g6 {[%emt 0:02:18] C02: French: Advance Variation.} 10. Re1 Bg7 11. Rb1 {[%emt 0:01:12] [#]} Rc8 $146 {[%emt 0:02:50] White has an edge.} ({Predecessor:} 11... Ne7 12. h4 h5 13. Ng5 Nf5 14. g3 f6 15. exf6 Bxf6 16. Ndf3 Kf8 17. Bf4 Kg7 {1-0 (31) Campbell,M (2013)-Asbury,J (1786) England 2010}) 12. h4 h5 13. Nf1 Qb3 14. Bg5 Ba4 15. Qd2 Qb5 16. b4 Nb3 17. Qf4 Qa6 18. Rb2 Bb5 19. Ra2 Qc6 20. N3h2 Bh6 21. g4 (21. Ne3 $16) 21... Bxg5 $14 22. Qxg5 hxg4 23. Nxg4 {[%emt 0:00:55] Threatens to win with Nf6+.} Rh5 $2 {[%emt 0:01:57] [#]} (23... Kd7 $1 $11) 24. Qf4 (24. Nf6+ $1 $18 {is the precise move to win.} Nxf6 25. Qxf6) 24... Qc7 (24... Ba4 $16) 25. Nge3 (25. a4 $18 Bc6 26. Nfh2) 25... Rh7 ({Black should play} 25... Rh8 $14) 26. Ng2 (26. Nh2 $16) 26... Qe7 27. Ng3 (27. a4 $14 Bd7 28. Nfe3) 27... a5 ({Better is} 27... Ba4 $15) 28. a4 Bd7 29. b5 Kd8 30. Bd1 Kc7 31. Bc2 Kb6 32. Rb1 Rf8 (32... Qd8 $14) 33. Bxb3 $16 cxb3 34. Rxb3 {[%emt 0:00:03][%cal Oc3c4] c4! is the strong threat.} f6 $2 (34... Rc8 $16 {is a better defense.}) 35. Qe3 $2 (35. Rc2 $18 {has better winning chances.}) 35... f5 $2 (35... Rc8 $16 {is a better chance.}) 36. c4 $18 dxc4 37. Rc3 ({Weaker is} 37. d5+ Qc5 38. Rc3 (38. Nf4 $2 cxb3 39. Rb2 Qxe3 $19) 38... exd5 $15) 37... Nh6 (37... Kc7 $142 38. d5 exd5) 38. Rxc4 Ng4 39. Qd2 {[%emt 0:00:48] [#] Threatening mate with d5.} f4 40. d5 {[%emt 0:00:00][%cal Bd4d5,Bd5c6][%mdl 32] White wants to mate with Qd4+.} Ka7 41. Qxa5+ {[%emt 0:00:28] White mates.} Kb8 42. b6 Bc6 43. Qa7+ Kc8 44. Qa8+ Kd7 45. dxc6+ {[%emt 0:00:06] Weighted Error Value: White=0.45/Black=0.68} 1-0

[Event "Reykjavik Open 2022"]
[Site "Reykjavik"]
[Date "2022.04.07"]
[Round "3.44"]
[White "Jaksland, Tim"]
[Black "Gregersen, Einar"]
[Result "1/2-1/2"]
[ECO "B22"]
[WhiteElo "2201"]
[BlackElo "1801"]
[Annotator "TA"]
[PlyCount "68"]
[EventDate "2022.04.06"]
[EventCountry "ISL"]
[SourceTitle "playchess.com"]
[Source "ChessBase"]
[SourceQuality "1"]
[TimeControl "40/5400+30:1800+30"]

1. e4 c5 2. c3 Nf6 3. e5 Nd5 4. Nf3 Nc6 5. d4 cxd4 6. cxd4 d6 7. Bc4 Nb6 8. Bb5 Bd7 9. exd6 exd6 10. Nc3 {[%emt 0:05:54] B22: Sicilian: 2 c3.} d5 11. O-O Be7 {[%emt 0:03:33] [#]} 12. Re1 $146 ({Predecessor:} 12. Bd3 Bg4 13. Be3 O-O 14. a3 f5 15. h3 Bh5 16. Be2 f4 17. Bc1 Qd6 18. Re1 Bf6 19. Nb5 Qb8 20. Nc3 Qd6 21. Nb5 Qb8 22. Nc3 {½-½ (22) Dmochowska,A (1819)-Szyler,B (1755) Wroclaw 2013}) 12... O-O 13. h3 a6 14. Bd3 Bf6 15. Bf4 Be6 16. Rc1 Rc8 17. Bb1 h6 $2 (17... g6 $11 {and Black stays safe.}) 18. Qd3 g6 {[%emt 0:01:44] [#]} 19. Bxh6 (19. Rxe6 $1 $18 {[%mdl 512] is the precise move to win.} Nb4 20. Qe2 fxe6 21. Qxe6+ Kh7 22. Ne5) 19... Re8 $16 20. Qd1 {[%emt 0:04:02] &Bianco is more active.} Qd7 21. Bf4 Bf5 22. Rxe8+ Rxe8 23. b3 (23. Bxf5 $16 Qxf5 24. Bg3) 23... Be4 $14 24. Ne5 Nxe5 25. dxe5 Bxe5 26. Bxe5 Rxe5 27. Qd4 Qe6 (27... Re6 $16) 28. Rd1 (28. Re1 $18) 28... Bxb1 29. Rxb1 Nd7 30. Rd1 (30. f4 $5 Rh5 31. Kf1 $14) 30... Nf6 31. Qd2 ({Better is} 31. a4 $14) 31... Qf5 32. Qd4 Qe6 33. Qd2 Qf5 34. Qd4 Qe6 {[%emt 0:00:49] Black defended with fortune.  Weighted Error Value: White=0.39/Black=0.34} 1/2-1/2

[Event "Reykjavik Open 2022"]
[Site "Reykjavik"]
[Date "2022.04.07"]
[Round "3.45"]
[White "Filipovich, David"]
[Black "Lohia, Sohum"]
[Result "0-1"]
[ECO "A46"]
[WhiteElo "1975"]
[BlackElo "2251"]
[Annotator "TA"]
[PlyCount "76"]
[EventDate "2022.04.06"]
[EventCountry "ISL"]
[SourceTitle "playchess.com"]
[Source "ChessBase"]
[SourceQuality "1"]
[TimeControl "40/5400+30:1800+30"]

1. Nf3 Nf6 2. g3 e6 3. Bg2 d5 4. O-O b5 5. d4 Bb7 6. Nbd2 {[%emt 0:04:07] A46: 1 d4 Nf6 2 Nf3 e6: Torre, London and Colle Systems.} Nbd7 7. a4 a6 8. c3 {[%emt 0:01:54] White has an edge.} c5 {[%emt 0:02:40] [#]} 9. e3 $146 ({Predecessor:} 9. axb5 axb5 10. Rxa8 Qxa8 11. dxc5 Bxc5 12. Nb3 Be7 13. Nfd4 Qa6 14. Qd3 b4 15. Qxa6 Bxa6 {½-½ (69) Lodhi,M (2347)-Georgiev,K (2623) Riadh 2017}) 9... Bd6 10. Qe2 O-O 11. e4 Nxe4 12. Nxe4 dxe4 13. Ng5 Nf6 14. Nxe4 Nxe4 15. Bxe4 Qb6 16. Bxb7 Qxb7 17. dxc5 Bxc5 18. Be3 Bxe3 19. Qxe3 Rfd8 20. axb5 axb5 21. Rxa8 Qxa8 $11 {[%emt 0:00:29][%mdl 4096] Endgame KQR-KQR} 22. Qe2 Qd5 23. Ra1 Qb3 24. Ra5 Rd1+ 25. Kg2 {[%emt 0:00:08] Ra8+ would kill now.} Qd5+ 26. Kh3 {[%emt 0:04:06][%cal Oe2d1] Hoping for Qxd1!} Rg1 27. Rxb5 {[%emt 0:04:22] Threatening mate with Rb8+.} Qg2+ 28. Kg4 h6 $1 {[%emt 0:01:14][%mdl 1024] Black has compensation.} 29. Rb8+ $2 (29. Kf4 $1 $11) 29... Kh7 $19 {[%emt 0:00:08] aiming for ...Rf1.} 30. Kf4 f5 {[%emt 0:09:46] Inhibits Qe4.} (30... Qxh2 $17 {[%cal Og1g3] White must now prevent ...Rxg3!} 31. Ke3 Rxg3+ $1 32. fxg3 Qxg3+ 33. Kd2 Qxb8) 31. Re8 $2 (31. Qxe6 {is a self mate.} Qxf2+ 32. Ke5 Qc5+ 33. Qd5 Re1+ 34. Kxf5 Qxd5+ 35. Kg4 Qe6+ 36. Kh4 Re4+ 37. Kh5 Qh3#) (31. Rb4 $15) 31... Qd5 32. h4 Qd6+ 33. Ke3 Qb6+ 34. Kf4 Rg2 35. Qe1 Rxf2+ 36. Ke5 {[%emt 0:00:06] [#]} Rf3 (36... Qc6 $142 $1 37. c4 {[#]} Qxc4 $1) 37. Qd1 Qb5+ (37... Qc5+ $142 38. Kxe6 Qc6+ 39. Ke5 Qxe8+ 40. Kd5 Qd8+ 41. Kc4 Qxd1 42. Kc5 Rxg3 43. Kc6 Rg6+ 44. Kc5 Qa4 45. b4 Qc6+ 46. Kd4 Rg4+ 47. Ke3 Qe4+ 48. Kf2 Rg2+ 49. Kf1 Qe2#) 38. Kd4 Qd5# {[%emt 0:00:05] Weighted Error Value: White=1.22/Black=0.47} 0-1

[Event "Reykjavik Open 2022"]
[Site "Reykjavik"]
[Date "2022.04.07"]
[Round "3.46"]
[White "Player, Edmund C"]
[Black "Smith, Lynda"]
[Result "1-0"]
[ECO "B38"]
[WhiteElo "2196"]
[BlackElo "1778"]
[Annotator "TA"]
[PlyCount "63"]
[EventDate "2022.04.06"]
[EventCountry "ISL"]
[SourceTitle "playchess.com"]
[Source "ChessBase"]
[SourceQuality "1"]
[TimeControl "40/5400+30:1800+30"]

1. e4 c5 2. Nf3 g6 3. c4 Bg7 4. d4 cxd4 5. Nxd4 Nc6 6. Be3 Nf6 7. Nc3 d6 8. Be2 O-O 9. O-O Nxd4 10. Bxd4 Be6 11. Re1 {[%emt 0:03:07] B38: Sicilian: Maroczy Bind with 5...Bg7 and 7...0-0.} Nd7 {[%emt 0:01:40] [#]} 12. b3 $146 ({Predecessor:} 12. Bxg7 Kxg7 13. Qd4+ f6 14. f4 Qa5 15. Nd5 Bxd5 16. exd5 Qb6 17. Qxb6 Nxb6 18. Bf1 Kf7 {1-0 (41) Popov,V (2523)-Votava,J (2497) Pardubice 1999}) 12... Qa5 13. Bf1 {[%emt 0:06:58] White is slightly better.} Bxd4 14. Qxd4 Qc5 15. Qd2 Kg7 16. Nd5 Bxd5 17. exd5 ({But not} 17. cxd5 Rac8 $14) 17... Rae8 18. Re3 Nf6 19. Rae1 Qc7 20. Rh3 h5 21. Rhe3 {[%emt 0:07:51] &Bianco is more active.} b6 22. Bd3 Qd7 23. Qe2 Ng8 24. Rg3 (24. f4 $16) 24... Nf6 25. f4 ({Better is} 25. h3 $16) 25... e6 $11 26. dxe6 Rxe6 27. Rxg6+ fxg6 (27... Kh8 $1 $11 28. Rxf6 (28. Rh6+ Kg7 $11) 28... Rxe2 29. Rxe2 Kg7) 28. Qxe6 $16 Rf7 (28... Qc6 $16 29. Qe7+ Rf7) 29. Qe3 $36 {[%emt 0:00:44][%cal Of4f5][%mdl 2048] Keeping Black busy.} Ng4 (29... Rf8 $142 30. Qg3 Qg4 31. Qxg4 Nxg4) 30. Qd4+ Kh7 $2 {[%emt 0:00:43] [#]} (30... Rf6 {is more resistant.} 31. Be4 (31. h3 Nh6 $18) 31... Nh6) 31. Qd5 Nf6 32. Qg5 {[%emt 0:00:15] Weighted Error Value: White=0.16 (very precise) /Black=0.43} 1-0

[Event "Reykjavik Open 2022"]
[Site "Reykjavik"]
[Date "2022.04.07"]
[Round "3.47"]
[White "Sigamoney, Cyril S"]
[Black "Popvasilev, Kaloyan"]
[Result "1/2-1/2"]
[ECO "A46"]
[WhiteElo "1960"]
[BlackElo "2191"]
[Annotator "RC"]
[PlyCount "49"]
[EventDate "2022.04.06"]
[EventCountry "ISL"]
[SourceTitle "playchess.com"]
[Source "ChessBase"]
[SourceQuality "1"]
[TimeControl "40/5400+30:1800+30"]

1. d4 Nf6 2. Bg5 e6 3. e3 c5 4. Bxf6 Qxf6 5. Nf3 Nc6 6. c4 cxd4 7. exd4 Bb4+ 8. Nc3 O-O 9. Be2 Bxc3+ 10. bxc3 d6 11. O-O e5 12. d5 Na5 13. Nd2 Qg6 14. Kh1 Bf5 15. f4 Bc2 16. Qc1 Rae8 17. fxe5 Rxe5 18. Rf2 Bd3 19. Qf1 Rxe2 20. Rxe2 Qg4 21. Rae1 Nxc4 22. Nxc4 Qxc4 23. Qf3 Bxe2 24. Rxe2 g6 25. h3 1/2-1/2

[Event "Reykjavik Open 2022"]
[Site "Reykjavik"]
[Date "2022.04.07"]
[Round "3.48"]
[White "Baecker, Niko"]
[Black "Romanishin, Oleg M"]
[Result "0-1"]
[ECO "E48"]
[WhiteElo "1843"]
[BlackElo "2415"]
[Annotator "TA"]
[PlyCount "56"]
[EventDate "2022.04.06"]
[EventCountry "ISL"]
[SourceTitle "playchess.com"]
[Source "ChessBase"]
[SourceQuality "1"]
[TimeControl "40/5400+30:1800+30"]

1. d4 Nf6 2. c4 e6 3. Nc3 Bb4 4. e3 O-O 5. Bd3 c5 6. Nge2 d5 7. O-O cxd4 8. exd4 dxc4 9. Bxc4 Nbd7 10. a3 Be7 11. Bf4 Nb6 {[%emt 0:00:53] E48: Nimzo-Indian: Rubinstein: 5 Bd3 d5 including 6 Ne2, but excluding 6 a3.} 12. Ba2 Bd7 13. Rc1 Bc6 {[%emt 0:00:41] [#] The position is equal.} 14. b4 $146 ({Predecessor:} 14. Bb1 Nbd5 15. Bg3 Qd7 16. Qd3 g6 17. Rfd1 Rfd8 18. h3 Bf8 19. Nxd5 Nxd5 20. Bh4 {0-1 (35) Luht,V-Krupenski,J (2299) Viljandi 2013}) 14... a6 15. Qd3 Nbd5 16. Be5 Rc8 17. Bb1 {[%emt 0:02:37] [#] Hoping for Nxd5.} g6 18. Rfd1 Nxc3 19. Nxc3 Nd5 20. Ne4 $2 {[%emt 0:05:15][%mdl 8192] White does not recover from this.} (20. Ba2 $11 {and White stays safe.}) 20... f6 $19 21. Bg3 f5 22. Nc5 Bxc5 ({Stronger than} 22... Bb5 23. Qd2 Bxc5 24. Rxc5 $15) 23. dxc5 f4 24. Qe4 Qf6 ({Don't go for} 24... fxg3 $2 25. Qxe6+ Kg7 26. Qe5+ Qf6 27. Qxf6+ Nxf6 28. hxg3 $19) 25. Bh4 Qxh4 26. Qxe6+ Kh8 {[%emt 0:00:07] [#] ...Rce8 is the strong threat.} 27. Rxd5 $2 (27. Qe5+ Nf6 28. Bd3) 27... Rce8 28. Qd6 Rf6 {[%emt 0:00:14] Weighted Error Value: White=0.69/Black=0.03 (flawless)} 0-1

[Event "Reykjavik Open 2022"]
[Site "Reykjavik"]
[Date "2022.04.07"]
[Round "3.49"]
[White "Schultze, Joerg-Martin"]
[Black "Thorhallsson, Simon"]
[Result "1-0"]
[ECO "E73"]
[WhiteElo "1932"]
[BlackElo "2245"]
[Annotator "TA"]
[PlyCount "75"]
[EventDate "2022.04.06"]
[EventCountry "ISL"]
[SourceTitle "playchess.com"]
[Source "ChessBase"]
[SourceQuality "1"]
[TimeControl "40/5400+30:1800+30"]

1. d4 Nf6 2. c4 g6 3. Nc3 Bg7 4. e4 d6 5. Be2 O-O 6. Be3 e5 7. d5 a5 8. g4 Na6 9. g5 Ne8 10. Bg4 (10. h4 $14) 10... f5 $15 11. gxf6 $1 Nxf6 12. Bxc8 Rxc8 13. Nh3 h6 {[%emt 0:02:36] Prevents Ng5.} 14. Rg1 Kh7 (14... Qd7 $17 15. Rg3 b6) 15. Kd2 {[%emt 0:09:00] [#]} (15. Qf3 $11) 15... c6 $1 $17 {[%emt 0:04:54] Hoping for ...cxd5.} 16. Qf1 cxd5 17. Qg2 Qe8 18. cxd5 Nh5 19. Qg4 Nf4 20. Rg3 g5 (20... b5 $17 {And now ...Nc5 would win.} 21. Rgg1 Nc5 22. Bxc5 Rxc5 23. Nxf4 exf4) 21. Rag1 $1 $11 {[%emt 0:02:09][%cal Oh3g5] Strongly threatening Nxg5+!} Qg6 (21... Nb4 {[#]} 22. Nxg5+ $1 hxg5 23. Qxg5 $16) 22. Bxf4 exf4 23. Nxf4 Rxf4 (23... Bxc3+ 24. Rxc3 Rxf4 25. Qxc8 $18) (23... Qf7 $1 $11 {remains equal.} 24. Ne6 (24. Nd3 Nb4 $17) 24... Qxf2+ 25. Ne2 Qf6) 24. Qxf4 $16 (24. Qxc8 $6 Rxf2+ 25. Kc1 Qf6 $11) 24... Nc5 {[%emt 0:03:12] Threatens to win with ...Bxc3+.} 25. Qg4 ({Better is} 25. f3 $16) 25... Bxc3+ $11 26. Rxc3 Nxe4+ 27. Ke3 Re8 $2 (27... Rxc3+ $2 28. bxc3 Nxc3 29. Qd7+ Qg7 30. Qf5+ (30. Qxd6 Qf7 $16) 30... Qg6 31. Qd7+ Qg7 32. Qf5+ (32. Qxd6 Qf7 $16) 32... Qg6 33. Qd7+ $18) (27... Nxc3 $11 {and Black is okay.} 28. Qd7+ Qg7 29. Qf5+ Qg6 30. Qd7+ Qg7 31. Qxc8 Qe5+ 32. Kd3 Ne2) 28. Qd7+ $18 ({Avoid the trap} 28. Rc7+ $2 Kh8 29. Qf3 g4 $19) 28... Kh8 29. Rc8 Nf6+ 30. Rxe8+ Qxe8+ 31. Qxe8+ Nxe8 32. f4 gxf4+ 33. Kxf4 {[%emt 0:00:20] Black must now prevent Rg6.} Nf6 34. Kf5 Nxd5 35. Ke6 Ne3 36. Kxd6 Nc4+ 37. Kc5 Nxb2 38. Kb6 1-0

[Event "Reykjavik Open 2022"]
[Site "Reykjavik"]
[Date "2022.04.07"]
[Round "3.50"]
[White "Chapman, Terry P D"]
[Black "Haraldsson, Haraldur"]
[Result "0-1"]
[ECO "E17"]
[WhiteElo "2240"]
[BlackElo "1936"]
[Annotator "TA"]
[PlyCount "94"]
[EventDate "2022.04.06"]
[EventCountry "ISL"]
[SourceTitle "playchess.com"]
[Source "ChessBase"]
[SourceQuality "1"]
[TimeControl "40/5400+30:1800+30"]

1. Nf3 Nf6 2. c4 e6 3. g3 b6 4. Bg2 Bb7 5. O-O Be7 6. Nc3 O-O 7. Re1 d5 8. cxd5 exd5 9. d4 Nbd7 10. Bf4 a6 {[%emt 0:03:31] E17: Queen's Indian: 4 g3 Bb7 5 Bg2 Be7.} 11. Rc1 Re8 12. Qc2 {[%emt 0:16:36][%cal Oe2e4] [#]} (12. e4 $5) 12... Bd6 $146 (12... c5 $11 {keeps the balance.}) ({Predecessor:} 12... Nf8 13. Na4 c6 14. Qb3 b5 15. Nc5 Bxc5 16. Rxc5 {½-½ (53) Bai,J (2591)-Liu,Y (2524) Shanghai 2019}) 13. Bxd6 $16 cxd6 14. Qb3 (14. Ng5 {keeps more tension.} Rc8 15. Qb3 h6 16. Nh3) 14... Ra7 (14... b5 $14) 15. Nh4 Qa8 (15... g6 $16 {was worth a try.}) 16. Nf5 $18 Re6 17. Ne3 Qe8 (17... Rxe3 $142 18. fxe3 b5) 18. Nexd5 {[%emt 0:07:19] [#] And now Nc7 would win.} Nxd5 19. Bxd5 Bxd5 20. Qxd5 Nf6 21. Qf3 b5 (21... Rc7 $16 {is a better defense.} 22. d5 Ree7) 22. e3 Qd8 23. Nd5 Ne4 24. Re2 {[%emt 0:01:21][%cal Be1e2,Be2c2,Bc2c7][%mdl 32] Rec2 is the strong threat.} g6 25. Rec2 {[%emt 0:01:10] Black must now prevent Rc8.} Qg5 {[%emt 0:01:20] [#]} (25... Ng5 $142 26. Qd1 Kg7) 26. Rc7 $1 Rxc7 27. Rxc7 f5 (27... Nf6 {was called for.}) 28. Rc8+ Kg7 29. h4 Qg4 30. Qxg4 fxg4 {[%emt 0:00:11][%mdl 4096] Endgame KRN-KRN} 31. Ra8 g5 32. hxg5 Nxg5 33. Ra7+ Kg8 34. Ra8+ Kg7 35. Ra7+ Kg8 $1 36. Rxa6 Rh6 37. Kf1 (37. Rb6 $142) 37... Ne4 $2 (37... Rh1+ {might work better.} 38. Kg2 Rb1 39. Rxd6 Kf7 40. Rf6+ Kg7) 38. Nf4 $2 (38. Ra8+ $18 {is more deadly.} Kf7 39. Kg2) 38... Rh1+ $16 39. Ke2 Rh2 40. Nd3 $2 (40. Ra5 $16) 40... Nxg3+ $11 41. Ke1 Ne4 42. Rb6 h5 43. Rxb5 (43. Kf1 $1 $11 {remains equal.}) 43... h4 $17 {[%emt 0:03:42] &Nero is more active.} 44. Rh5 $2 {[%emt 0:05:32][%mdl 8192] Now White is beyond hope.} (44. Rb8+ $17 Kf7 45. a4) 44... g3 $19 {[%emt 0:04:57][%cal Bg4g3,Bg3f2][%mdl 32] aiming for ...g2.} 45. Kf1 h3 46. Kg1 Rg2+ 47. Kf1 gxf2 {[%emt 0:03:20] Weighted Error Value: White=0.88/Black=0.33} 0-1

[Event "Reykjavik Open 2022"]
[Site "Reykjavik"]
[Date "2022.04.07"]
[Round "3.51"]
[White "Mirza, Diana"]
[Black "Povah, Nigel E"]
[Result "1/2-1/2"]
[ECO "B30"]
[WhiteElo "1898"]
[BlackElo "2245"]
[Annotator "TA"]
[PlyCount "52"]
[EventDate "2022.04.06"]
[EventCountry "ISL"]
[SourceTitle "playchess.com"]
[Source "ChessBase"]
[SourceQuality "1"]
[TimeControl "40/5400+30:1800+30"]

1. e4 c5 2. Nf3 Nc6 3. Bb5 Nf6 4. Bxc6 dxc6 5. d3 Bg4 6. h3 {[%emt 0:02:41] B30: Sicilian: 2...Nc6 3 Bb5, lines without ...g6.} Bh5 7. b3 Qc7 8. g4 Bg6 9. Bb2 Nd7 {[%emt 0:03:27] Against Ne5} 10. e5 e6 11. Qe2 Be7 12. Nbd2 {[%emt 0:00:31] [#]} Qa5 $146 ({Predecessor:} 12... h5 13. O-O-O Nb6 14. Ne4 O-O-O 15. c4 Kb8 16. Kb1 Nd7 17. Ka1 f6 18. exf6 gxf6 {1-0 (31) Gavrilescu,D (2479)-Povah,N (2329) Caleta 2019}) 13. a3 O-O-O 14. O-O-O (14. h4 $5 h5 15. g5 $11) 14... Nb6 15. Ne4 h5 16. Nfd2 hxg4 17. hxg4 Rxh1 $1 18. Rxh1 c4 $1 19. Nxc4 Nxc4 20. bxc4 Bxa3 {[%emt 0:00:37] Strongly threatening ...Qxe5.} (20... Bxe4 $5 21. Qxe4 Bxa3 $11) 21. Nd6+ Kc7 22. Qe1 {[%emt 0:04:42] Against Qc3} Bxb2+ 23. Kxb2 {[%emt 0:00:06] Dancing on a razor blade.} Qb6+ 24. Ka2 Qa6+ 25. Kb2 ({Better is} 25. Kb3 $1 $14) 25... Qb6+ $1 $11 26. Ka2 ({White should try} 26. Kc1 $11) 26... Qa6+ {[%emt 0:00:36] Weighted Error Value: White=0.08 (flawless) /Black=0.05 (flawless)} 1/2-1/2